 Dungeon Crawl Stone Soup version 0.31.0-4-g52a2dc7128 (webtiles) character file.

Game seed: 6541518597190660232

47 SnakkuSnakku7 the Trooper (level 3, -3/29 HPs)
             Began as a Merfolk Earth Elementalist on Jan 22, 2024.
             Slain by Crazy Yiuf
             ... wielding a +2 quarterstaff of chaos
              (6 damage)
             ... on level 2 of the Dungeon.
             The game lasted 00:01:46 (1467 turns).

SnakkuSnakku7 the Trooper (MfEE)                    Turns: 1467, Time: 00:01:49

Health: -3/29      AC:  5    Str:  8    XL:     3   Next: 70%
Magic:  3/6        EV: 12    Int: 20    God:
Gold:   79         SH:  0    Dex: 16    Spells: 5/6 levels left

rFire   . . .        n - +1 dagger (protect)
rCold   + . .        (no shield)
rNeg    . . .        i - +1 leather armour {rC+}
rPois   .            l - +0 helmet
rElec   .            (no cloak)
rCorr   .            (no gloves)
SInv    .            (no boots)
Will    .....        (no amulet)
Stlth   ++           o - +6 ring of intelligence
HPRegen 0.24/turn    (no ring)
MPRegen 0.10/turn

%: no passive effects
@: lethally poisoned (-3 -> -8)
A: (nimble swimmer 2), mertail
a: no special abilities


You were on level 2 of the Dungeon.
You visited 1 branch of the dungeon, and saw 2 of its levels.

You collected 79 gold pieces.

Inventory:

Hand Weapons
 e - a +0 club
 f - a +0 dagger
 n - a +1 dagger of protection (weapon)
Armour
 a - a +0 robe
 i - a +1 leather armour of cold resistance (worn)
 l - a +0 helmet (worn)
Jewellery
 o - a +6 ring of intelligence (left hand)
Scrolls
 c - 2 scrolls of identify {unknown}
 d - a scroll of immolation {unknown}
 k - a scroll of teleportation {unknown}
 q - a scroll of acquirement {unknown}
 r - a scroll of silence {unknown}
Potions
 b - 2 potions of magic
 g - 3 potions of heal wounds {unknown}
 h - a potion of curing {unknown}
 j - a potion of haste {unknown}
 m - a potion of attraction {unknown}
 p - a potion of lignification {unknown}


   Skills:
 + Level 3.5 Fighting
 - Level 2.6 Dodging
 - Level 2.1 Stealth
 - Level 2.0 Spellcasting
 - Level 0.7 Conjurations
 - Level 2.4 Earth Magic


You had 5 spell levels left.
You knew the following spells:

 Your Spells              Type           Power      Damage    Failure   Level
a - Sandblast             Erth           22%        2d7       9%          1

Your spell library contained the following spells:

 Spells                   Type           Power      Damage    Failure   Level
 Passwall                 Erth           11%        N/A       26%         3
 Stone Arrow              Conj/Erth      16%        3d8       36%         3
 Brom's Barrelling Bould  Conj/Erth      8%         2d3       77%         4
 Petrify                  Alch/Erth      6%         N/A       80%         4


Dungeon Overview and Level Annotations

Branches:
Dungeon (2/15)

Altars:

Annotations:
D:2 Crazy Yiuf


Innate Abilities, Weirdness & Mutations

((You are very nimble when in or above water. (Stealth+, EV+, Speed+++)))
Your lower body shifts to a powerful aquatic tail in water.


Message History

The adder is almost dead.
The adder bites you. The adder barely misses you.
You hit the adder.
Your weapon exudes an aura of protection.
You kill the adder!
HP restored.
Magic restored.
Found a hammer.
Found a runed translucent door.
g - 3 brown potions (gained 1)
r - a scroll labelled ZUIHYH MUAJ You now have 79 gold pieces (gained 11).
Could not explore, unopened runed door.
You open the door.
Aiming: Sandblast (safe; 9% risk of failure)
Press: ? - help, Q - select action Shift-Dir - straight line, f - Crazy Yiuf
Aim: Crazy Yiuf, wielding a +2 quarterstaff of chaos and wearing a +0 cloak (wandering, hasn't noticed you, 84% to hit)
The blast of sand hits Crazy Yiuf.
Crazy Yiuf is lightly wounded.
Crazy Yiuf shouts!
Crazy Yiuf hits you with a +2 quarterstaff of chaos!
You are poisoned.
Aiming: Sandblast (safe; 9% risk of failure)
Press: ? - help, Q - select action Shift-Dir - straight line, f/p - Crazy Yiuf
Aim: Crazy Yiuf, wielding a +2 quarterstaff of chaos and wearing a +0 cloak (lightly wounded, 84% to hit)
The blast of sand hits Crazy Yiuf.
Crazy Yiuf is moderately wounded.
You feel very sick. Crazy Yiuf misses you.
Aiming: Sandblast (safe; 9% risk of failure)
Press: ? - help, Q - select action Shift-Dir - straight line, f/p - Crazy Yiuf
Aim: Crazy Yiuf, wielding a +2 quarterstaff of chaos and wearing a +0 cloak (moderately wounded, 84% to hit)
The blast of sand hits Crazy Yiuf.
Crazy Yiuf is heavily wounded.
You feel very sick.
Crazy Yiuf hits you with a +2 quarterstaff of chaos!
* * * LOW HITPOINT WARNING * * *
Crazy Yiuf burns you.
* * * LOW HITPOINT WARNING * * *
Crazy Yiuf hits you with a +2 quarterstaff of chaos.
You die...

............#
#.#
...........##
###
...........#
...........#
#####
...........#
#)..#
.>....######
#...#
.#...#####
...
.........#
#g#
.#.#####.#
#@##
)..#####.###
##.#
[#.##......#
#.##
......##.###
##.#
##.#####.#
##.##
##.......#
##...#
########.#
#....# # #.#
#....# ##
#.#######..##


You could see Crazy Yiuf.

Vanquished Creatures
  2 adders (D:2)
  A ribbon worm (D:2)
  An orc (D:2)
  2 bats (D:1)
  An endoplasm (D:2)
  A giant cockroach (D:2)
  4 goblins (D:1)
  3 hobgoblins
  2 kobolds
  A quokka (D:2)
  2 ball pythons (D:1)
  4 frilled lizards
  2 rats
26 creatures vanquished.

Notes
Turn   | Place    | Note
-------+----------+-------------------------------------------
     0 | D:1      | SnakkuSnakku7 the Merfolk Earth Elementalist began the
                  | quest for the Orb.
     0 | D:1      | Reached XP level 1. HP: 13/13 MP: 3/3
    70 | D:1      | Reached skill level 1 in Fighting
   198 | D:1      | Reached XP level 2. HP: 22/22 MP: 3/5
   348 | D:1      | Reached skill level 2 in Fighting
   845 | D:2      | Reached skill level 3 in Fighting
   845 | D:2      | Reached XP level 3. HP: 29/29 MP: 1/6
  1195 | D:2      | Found a runed translucent door.
  1196 | D:2      | Noticed Crazy Yiuf
  1467 | D:2      | Slain by Crazy Yiuf

Illustrated notes

Levels and vault maps discovered:
D:1:      dpeg_arrival_stone_temple_mockup, layout_loops_ring
D:2:      layout_loops_cross, minmay_increasing_density, uniq_crazy_yiuf_cottage

Skill      XL: |  1  2 |
---------------+-------+-----
Fighting       | 1 3 |  3.5
Dodging        | |  2.6
Stealth        | |  2.1
Spellcasting   | |  2.0
Conjurations   | |  0.7
Earth Magic    | |  2.4

Action                     || total
---------------------------++-------
  Melee: Club              ||     9
         Dagger            ||    82
   Cast: Sandblast         ||    25
 Armour: Robe              ||    12
         Leather armour    ||    96
  Dodge: Dodged            ||    95
